 Dungeon Crawl Stone Soup version 0.27.1-35-g4d5d836560 (console) character file.

Game seed: 11169188954893103556

1443 grimtooth the Destroyer (level 8, -2/47 (49) HPs)
             Began as a Tengu Conjurer on Mar 14, 2022.
             Was a Follower of Vehumet.
             Killed from afar by Maggie (36 damage)
             ... with a bolt of fire
             ... on level 6 of the Dungeon.
             The game lasted 00:22:59 (6278 turns).

grimtooth the Destroyer (Tengu Conjurer)            Turns: 6278, Time: 00:23:00

HP:   -2/47 (49)    AC:  7    Str:  9    XL:     8   Next: 74%
MP:   9/18          EV: 12    Int: 20    God:    Vehumet [*.....]
Gold: 264           SH:  0    Dex: 12    Spells: 15/19 levels left

rFire    . . .     SeeInvis .   h - +0 short sword
rCold    . . .     Faith    .   (no shield)
rNeg     . . .     Spirit   .   c - +0 ring mail
rPois    .         Reflect  .   (helmet restricted)
rElec    .         Harm     .   k - +0 cloak
rCorr    .         Rampage  .   j - +0 pair of gloves
Will     .....                  (boots unavailable)
Stlth    +.........             (no amulet)
HPRegen  0.15/turn              (no ring)
MPRegen  0.16/turn              (no ring)

@: flying quickly and evasively, mesmerised, lightly drained, quick
A: beak, talons 3, nimble flight
a: Renounce Religion


You were on level 6 of the Dungeon.
You worshipped Vehumet.
Vehumet was aware of your devotion.
You visited 2 branches of the dungeon, and saw 7 of its levels.

You collected 264 gold pieces.

Inventory:

Hand Weapons
 h - a +0 short sword (weapon)
Missiles
 f - 48 stones
 m - 93 arrows
 n - 8 poisoned darts (quivered)
 p - 6 boomerangs
 q - 20 sling bullets
 t - a throwing net {=f}
 B - 8 javelins
Armour
 a - a +0 robe
 c - a +0 ring mail (worn)
 j - a +0 pair of gloves (worn)
 k - a +0 cloak (worn)
 C - a +0 buckler
Jewellery
 y - a ring of see invisible
Wands
 w - a wand of flame (18)
Scrolls
 b - a scroll of enchant armour {unknown}
 e - a scroll of enchant weapon {unknown}
 g - a scroll of immolation {unknown}
 l - 4 scrolls of teleportation {unknown}
 u - a scroll of summoning {unknown}
 v - a scroll of amnesia {unknown}
Potions
 d - 3 potions of curing {unknown}
 i - 4 potions of heal wounds {unknown}
 o - 3 potions of magic
 s - a potion of brilliance
 x - 2 potions of flight {unknown}
 z - a potion of berserk rage {unknown}
 A - a potion of attraction


   Skills:
 * Level 5.1 Fighting
 - Level 2.1 Dodging
 - Level 2.0 Stealth
 * Level 1.1 Shields
 - Level 6.0 Spellcasting
 + Level 9.0 Conjurations
 - Level 4.0 Air Magic


You had 15 spell levels left.
You knew the following spells:

 Your Spells              Type           Power      Damage    Failure   Level
a - Magic Dart            Conj           100%       1d8       1%          1
b - Searing Ray           Conj           84%        3d6       1%          2
e - Shock                 Conj/Air       100%       1d9       1%          1

Your spell library contained the following spells:

 Spells                   Type           Power      Damage    Failure   Level
 Foxfire                  Conj/Fire      96%        2x1d8     4%          1
 Dazzling Flash           Conj/Hex       48%        N/A       14%         3
 Swiftness                Air            22%        N/A       17%         3
 Apportation              Tloc           12%        N/A       28%         1
 Fulminant Prism          Conj/Hex       12%        3d9       41%         4
 Iskenderun's Mystic Bla  Conj/Tloc      24%        2d7       41%         4
 Airstrike                Air            11%        N/A       50%         4
 Frozen Ramparts          Ice            12%        1d3       65%         3
 Ice Form                 Ice/Tmut       6%         N/A       96%         4
 Summon Ice Beast         Ice/Summ       6%         N/A       96%         4
 Alistair's Intoxication  Tmut/Pois      4%         N/A       100%        5
 Invisibility             Hex            3%         N/A       100%        6


Dungeon Overview and Level Annotations

Branches:
Dungeon (6/15)             Temple (1/1) D:4

Altars:
Ashenzari
Cheibriados
Dithmenos
Elyvilon
Fedhas
Gozag
Hepliaklqana
Kikubaaqudgha
Makhleb
Nemelex Xobeh
Okawaru
Qazlal
Ru
Sif Muna
Trog
Uskayaw
Vehumet
Wu Jian
Xom
Yredelemnul
Zin
The Shining One

Annotations:
D:6 Maggie


Innate Abilities, Weirdness & Mutations

You have a beak for a mouth.
You have claws for feet.
Your magical nature lets you fly swiftly and evasively.


Message History

The searing ray hits Maggie!
Maggie is moderately wounded. (Press . to maintain the ray.)
The searing ray misses Maggie.
Maggie completely misses you.
The searing ray hits Maggie!
Maggie is moderately wounded.
Maggie hits you with a +2 morningstar of draining.
You feel drained.
The searing ray hits Maggie.
Maggie is moderately wounded.
You finish channeling your searing ray.
Maggie hits you with a +2 morningstar of draining!
You feel drained.
Casting: Searing Ray (safe; 1% risk of failure)
Confirm with . or Enter, or press ? or * to list all spells.
Aiming: Searing Ray (safe; 1% risk of failure)
Press: ? - help, Shift-Dir - straight line, f/p - Maggie
Aim: Maggie, wielding a +2 morningstar of draining and wearing +0 acid dragon scales (moderately wounded, mesmerising, 82% to hit)
Okay, then.
Casting: Searing Ray (safe; 1% risk of failure)
Confirm with . or Enter, or press ? or * to list all spells.
Aiming: Searing Ray (safe; 1% risk of failure)
Press: ? - help, Shift-Dir - straight line, f/p - Maggie
Aim: Maggie, wielding a +2 morningstar of draining and wearing +0 acid dragon scales (moderately wounded, mesmerising, 82% to hit)
The searing ray hits Maggie!
Maggie is heavily wounded. (Press . to maintain the ray.) Maggie barely misses you.
The searing ray hits Maggie.
Maggie is heavily wounded.
Maggie casts a spell at you. The bolt of fire hits you.
The searing ray hits Maggie!
Maggie is severely wounded.
Maggie closely misses you.
The searing ray misses Maggie.
You finish channeling your searing ray.
Maggie casts a spell at you. The bolt of fire hits you!!!
Ouch! That really hurt!
You die...

##########
#........#
#
#.######.#
# #####.#
#.#
#.###.....#
#@#
#........>#
#@#
#####.....#
#.#
......###.#
#.#
...######.#
#.#
..........#
#.#
...########
#.# ######
#.# ......
#.....
......


You could see Maggie (mesmerising).

Vanquished Creatures
  A steam dragon (D:6)
  Menkaure (D:6)
  2 water moccasins (D:6)
  2 ice beasts
  A black bear (D:5)
  An ogre (D:5)
  A phantom (D:3)
  Blork the orc (D:5)
  2 hounds (D:5)
  3 jellies
  2 centaur skeletons
  2 iguanas
  An orc wizard (D:3)
  A scorpion zombie (D:5)
  A hound skeleton (D:4)
  3 gnolls (D:4)
  12 adders
  A shadow imp (D:6)
  A white imp (D:6)
  2 dart slugs
  11 orcs
  5 ball pythons
  6 endoplasms
  3 giant cockroaches
  4 goblins
  6 hobgoblins
  4 jackals (D:3)
  7 kobolds
  2 quokkas
  4 frilled lizards
  4 rats (D:2)
97 creatures vanquished.

Vanquished Creatures (others)
  An ice beast (D:5)
  2 orcs (D:5)
3 creatures vanquished.

Grand Total: 100 creatures vanquished

Notes
Turn   | Place    | Note
-------+----------+-------------------------------------------
     0 | D:1      | grimtooth the Tengu Conjurer began the quest for the Orb.
     0 | D:1      | Reached XP level 1. HP: 10/10 MP: 4/4
   352 | D:1      | Reached XP level 2. HP: 15/15 MP: 0/6
   691 | D:1      | Found a faded altar of an unknown god.
  1471 | D:1      | Learned a level 2 spell: Searing Ray
  1473 | D:1      | Learned a level 1 spell: Shock
  1794 | D:2      | Found a shimmering blue altar of Sif Muna.
  1858 | D:2      | Reached XP level 3. HP: 17/19 MP: 1/8
  2604 | D:3      | Noticed a phantom
  2625 | D:3      | Killed a phantom
  2626 | D:3      | Reached skill level 6 in Conjurations
  2626 | D:3      | Reached XP level 4. HP: 24/24 MP: 2/11
  2626 | D:3      | Gained mutation: Your magical nature lets you fly swiftly
                  | and evasively. [Tengu growth]
  2626 | D:3      | Reached XP level 5. HP: 28/28 MP: 2/12
  2878 | D:3      | Reached skill level 1 in Air Magic
  3248 | D:3      | Reached skill level 7 in Conjurations
  3590 | D:4      | Reached XP level 6. HP: 30/32 MP: 8/13
  4008 | D:4      | Found a staircase to the Ecumenical Temple.
  4056 | D:4      | Reached skill level 8 in Conjurations
  4063 | Temple   | Entered the Ecumenical Temple
  4104 | Temple   | Became a worshipper of Vehumet
  4414 | D:5      | Entered Level 5 of the Dungeon
  4480 | D:5      | Noticed an ice beast
  4487 | D:5      | Killed an ice beast
  4488 | D:5      | Reached XP level 7. HP: 36/36 MP: 6/14
  4820 | D:5      | Reached skill level 9 in Conjurations
  5123 | D:5      | Noticed Blork the orc
  5129 | D:5      | Killed Blork the orc
  5130 | D:5      | Reached skill level 1 in Fighting
  5289 | D:5      | Reached * piety under Vehumet
  5289 | D:5      | Offered knowledge of Foxfire by Vehumet.
  5438 | D:6      | Noticed Menkaure
  5450 | D:6      | Reached XP level 8. HP: 22/45 MP: 11/16
  5477 | D:6      | Killed Menkaure
  5478 | D:6      | Reached skill level 5 in Spellcasting
  5886 | D:6      | Found a shimmering blue altar of Sif Muna.
  6181 | D:6      | Reached skill level 5 in Fighting
  6181 | D:6      | Reached skill level 1 in Shields
  6264 | D:6      | Noticed Maggie
  6265 | D:6      | - this looks pretty bad
  6266 | D:6      | - wait what happened
  6278 | D:6      | Killed from afar by Maggie

Illustrated notes

##########
#........#
#
#.######.#
# #####.#
#.#
#.###.....#
#@#
#........>#
#.#
#####.....#
#.#
......###.#
#.#
...######.#
#.#
..........#
#.#
...########
#.# ######
#@# ......
#.....
......


Turn 6265 on D:6: - this looks pretty bad ########## #........# # #.######.# #
#####.# #.# #.###.....# #@# #........># #.# #####.....# #.# ......###.# #.#
...######.# #.# ..........# #.# ...######## #.# ###### #@# ...... #..... ......
Turn 6266 on D:6: - wait what happened

Levels and vault maps discovered:
D:1:      minmay_arrival_wavy_path, layout_basic, basic_ecumenical_altar
D:2:      minmay_general_purpose_star, layout_loops_cross, basic_altar
D:3:      layout_rooms, fountainhead
D:4:      layout_loops_ring, minmay_temple_entry_nine_rooms
D:5:      layout_basic, lemuel_old_faithful, uniq_blork_the_orc
D:6:      layout_basic, mainiacjoe_overflow_catwalk, uniq_maggie, uniq_menkaure,
          uniq_edmund
Temple:   kilobyte_greek_temple

Skill      XL: |  1  2  3  4  5  6  7  8 |
---------------+-------------------------+-----
Spellcasting   | 3 4 6 |  6.0
Conjurations   | 6 7 8 9 |  9.0
Air Magic      | 2 3 4 |  4.0
Fighting       | 2 5 |  5.1
Shields        | 1 |  1.1
Dodging        | |  2.1
Stealth        | |  2.0

Action                   |  1- 3 |  4- 6 |  7- 9 || total
-------------------------+-------+-------+-------++-------
Melee: Short sword       |       |     2 |     1 ||     3
       Kick              |       |     2 |     1 ||     3
Throw: Stone             |       |     8 |     2 ||    10
       Dart              |       |       |     4 ||     4
 Cast: Magic Dart        |    65 |    23 |    19 ||   107
       Searing Ray       |     3 |    18 |    28 ||    49
  Use: Scroll            |       |     3 |     1 ||     4
       Potion            |       |       |     2 ||     2
Armor: Ring mail         |     2 |     5 |     8 ||    15
       Skin              |       |       |     1 ||     1
Dodge: Dodged            |     3 |     7 |    13 ||    23
